 Dungeon Crawl Stone Soup version 0.29.1-15-g9cfb28693d (webtiles) character file.

Game seed: 12530110871792928634

107 protoss039 the Digger (level 4, -4/33 HPs)
             Began as a Demonspawn Earth Elementalist on Mar 15, 2023.
             Killed from afar by Sigmund (11 damage)
             ... with a puff of flame
             ... on level 3 of the Dungeon.
             The game lasted 00:02:33 (2581 turns).

protoss039 the Digger (DsEE)                        Turns: 2581, Time: 00:02:34

Health: -4/33      AC:  8    Str:  9    XL:     4   Next: 56%
Magic:  8/8        EV: 10    Int: 18    God:
Gold:   104        SH:  0    Dex: 13    Spells: 5/8 levels left

rFire   . . .      SeeInvis .   k - +1 mace (vorpal)
rCold   . . .      Faith    .   (no shield)
rNeg    . . .      Spirit   .   l - +0 ring mail
rPois   .          Reflect  .   (no helmet)
rElec   .          Harm     .   (no cloak)
rCorr   .          Rampage  .   j - +0 pair of gloves
Will    .....                   m - +0 pair of boots
Stlth   +.........              (no amulet)
HPRegen 0.11/turn               (no ring)
MPRegen 0.22/turn               (no ring)

@: no status effects
A: rugged brown scales 1, magic regeneration
a: no special abilities


You were on level 3 of the Dungeon.
You visited 1 branch of the dungeon, and saw 3 of its levels.

You collected 104 gold pieces.

Inventory:

Hand Weapons
 k - a +1 vorpal mace (weapon)
Missiles
 o - 4 silver javelins
Armour
 j - a +0 pair of gloves (worn)
 l - a +0 ring mail (worn)
 m - a +0 pair of boots (worn)
Scrolls
 c - a scroll of blinking {unknown}
 d - a scroll of identify
 e - a scroll of vulnerability {unknown}
 h - 2 scrolls of immolation
 i - a scroll of poison {unknown}
 p - a scroll of fear {unknown}
Potions
 a - a potion of heal wounds {unknown}
 b - a potion of magic
 f - a potion of might {unknown}
 g - 2 potions of flight
 n - a potion of lignification {unknown}


   Skills:
 + Level 1.9 Fighting
 * Level 1.6 Armour
 - Level 1.7 Dodging
 - Level 1.7 Stealth
 + Level 2.8 Spellcasting
 - Level 0.8 Transmutations
 + Level 3.3 Earth Magic


You had 5 spell levels left.
You knew the following spells:

 Your Spells              Type           Power      Damage    Failure   Level
a - Sandblast             Erth           28%        2d8       11%         1
b - Passwall              Tmut/Erth      8%         N/A       28%         2

Your spell library contained the following spells:

 Spells                   Type           Power      Damage    Failure   Level
 Magic Dart               Conj           8%         1d3       41%         1
 Searing Ray              Conj           4%         2d4       56%         2
 Stone Arrow              Conj/Erth      16%        3d8       56%         3
 Petrify                  Tmut/Erth      10%        N/A       88%         4
 Fulminant Prism          Conj/Hex       1%         3d6       99%         4


Dungeon Overview and Level Annotations

Branches:
Dungeon (3/15) Zot: 15346

Altars:
Nemelex Xobeh

Shops:
D:2 *

Annotations:
D:3 Sigmund


Innate Abilities, Weirdness & Mutations

You are partially covered in rugged brown scales. (AC +1, +3% HP)
You regenerate magic rapidly.


Message History

You are too confused!
There are monsters nearby!
Unknown command.
Unknown command.
You are too confused!
You are too confused!
Unknown command.
You bump into the rock wall.
You bump into the rock wall.
You're too confused to move!
You feel less confused. The quokka barely misses you. The quokka bites you.
You closely miss the quokka. The quokka closely misses you.
Sigmund hits you but does no damage.
You hit the quokka.
You kill the quokka!
Sigmund screams, "Die, monster!"
Sigmund gestures wildly while chanting.
Sigmund flickers and vanishes!
Deactivating autopickup; reactivate with Ctrl-A.
Something hits you.
You barely miss something. Something hits you!
You hit something but do no damage. You completely miss something.
Something hits you but does no damage.
You hit something. Something hits you.
You barely miss something. Something completely misses you.
You miss something. Something hits you.
You hit something but do no damage. Something hits you.
* * * LOW HITPOINT WARNING * * *
You miss something. Something hits you.
* * * LOW HITPOINT WARNING * * *
You hit something but do no damage.
You hear some strange, mumbled words.
Something tries to affect you, but you resist.
You hit something.
You hear some strange, mumbled words.
A puff of flame appears from out of thin air!
The puff of flame hits you!
You die...

#..# #..# #
##.# #. #.#
#.. #.# ##.#
#.# ..#8.8###
#.#
........###.#
..#8.8#{@...#
##. #####.#
.. #.# .. ..#
#. ### .


There were no monsters in sight!

Vanquished Creatures
  5 adders
  A worm (D:3)
  2 dart slugs
  8 ball pythons
  5 bats
  6 endoplasms
  2 giant cockroaches (D:1)
  6 goblins
  3 hobgoblins
  3 kobolds
  5 quokkas
  4 frilled lizards (D:2)
  3 rats
53 creatures vanquished.

Notes
Turn   | Place    | Note
-------+----------+-------------------------------------------
     0 | D:1      | protoss039 the Demonspawn Earth Elementalist began the
                  | quest for the Orb.
     0 | D:1      | Reached XP level 1. HP: 13/13 MP: 3/3
   183 | D:1      | Gained mutation: You are partially covered in rugged brown
                  | scales. (AC +1, +3% HP) [demonic ancestry]
   183 | D:1      | Reached XP level 2. HP: 11/20 MP: 1/5
   460 | D:1      | Reached skill level 1 in Fighting
   574 | D:1      | Reached skill level 3 in Earth Magic
  1347 | D:1      | Learned a level 2 spell: Passwall
  1378 | D:2      | Found Radeacad's Assorted Antiques.
  1389 | D:2      | Reached XP level 3. HP: 26/26 MP: 6/6
  1549 | D:2      | Found a faded altar of an unknown god.
  1887 | D:2      | Found a sparkling altar of Nemelex Xobeh.
  2060 | D:2      | Reached skill level 1 in Armour
  2276 | D:3      | Gained mutation: You regenerate magic rapidly. [demonic
                  | ancestry]
  2276 | D:3      | Reached XP level 4. HP: 33/33 MP: 3/8
  2562 | D:3      | Noticed Sigmund
  2581 | D:3      | Killed from afar by Sigmund

Illustrated notes

Levels and vault maps discovered:
D:1:      onia_arrival_pyramid, layout_basic, serial_bayou_lagoon_a,
          ebering_dispersal_statue_hall
D:2:      wander_river, layout_loops_cross, basic_altar, serial_shops,
          nicolae_shop_statue_plus, basic_ecumenical_altar, minmay_nonomino_d4
D:3:      layout_loops_ring, small_statue_intersection, uniq_sigmund

Skill      XL: |  1  2  3 |
---------------+----------+-----
Fighting       | 1 |  1.9
Earth Magic    | 3 |  3.3
Armour         | 1 |  1.6
Dodging        | |  1.7
Stealth        | |  1.7
Spellcasting   | |  2.8
Transmutations | |  0.8

Action                   |  1- 3 |  4- 6 || total
-------------------------+-------+-------++-------
Melee: Unarmed           |     3 |       ||     3
       Mace              |    50 |    24 ||    74
       Punch             |     1 |       ||     1
 Cast: Sandblast         |    31 |     5 ||    36
  Use: Scroll            |     3 |       ||     3
Armor: Ring mail         |    40 |    10 ||    50
       Robe              |     5 |       ||     5
Dodge: Dodged            |    55 |     9 ||    64
